 Dungeon Crawl Stone Soup version 0.30.0-29-ga12c61a403 (webtiles) character file.

Game seed: 4119359162107516017

91 ChrisAssaf the Chiller (level 4, -3/35 HPs)
             Began as a Draconian Ice Elementalist on June 6, 2023.
             Killed from afar by Ijyb (7 damage)
             ... with a puff of flame
             ... on level 3 of the Dungeon.
             The game lasted 00:04:42 (907 turns).

ChrisAssaf the Chiller (Draconian Ice Elementalist)  Turns: 907, Time: 00:04:42

Health: -3/35      AC:  6    Str: 11    XL:     4   Next: 33%
Magic:  1/8        EV: 12    Int: 17    God:
Gold:   64         SH:  0    Dex: 11    Spells: 4/8 levels left

rFire   . . .        a - +1 dagger
rCold   . . .        (no shield)
rNeg    . . .        (body armour unavailable)
rPois   .            (helmet restricted)
rElec   .            (no cloak)
rCorr   .            (no gloves)
SInv    .            (no boots)
Will    .....        (no amulet)
Stlth   ++           (no ring)
HPRegen 0.25/turn    (no ring)
MPRegen 0.11/turn

%: no passive effects
@: flying
A: AC +5, unfitting armour, cold-blooded, big wings, hooves 1, shaggy fur 1
a: no special abilities


You were on level 3 of the Dungeon.
You visited 1 branch of the dungeon, and saw 3 of its levels.

You collected 64 gold pieces.

Inventory:

Hand Weapons
 a - a +1 dagger (weapon)
Missiles
 c - 2 boomerangs (quivered)
Jewellery
 e - an amulet of the acrobat
Potions
 b - 2 potions of degeneration


   Skills:
 * Level 1.0 Fighting
 * Level 0.9 Short Blades
 * Level 0.1 Throwing
 * Level 2.0 Dodging
 * Level 2.1 Stealth
 * Level 2.7 Spellcasting
 * Level 4.8 Ice Magic


You had 4 spell levels left.
You knew the following spells:

 Your Spells              Type           Power      Damage    Failure   Level
a - Freeze                Ice            72%        1d8       2%          1
b - Frozen Ramparts       Ice            36%        1d6       8%          3

Your spell library contained the following spells:

 Spells                   Type           Power      Damage    Failure   Level
 Ozocubu's Armour         Ice            18%        N/A       8%          3
 Static Discharge         Conj/Air       4%         2-3/arc   26%         2
 Summon Ice Beast         Ice/Summ       10%        N/A       54%         4
 Airstrike                Air            1%         2d(1-17)  87%         4
 Passage of Golubria      Tloc           2%         N/A       87%         4
 Summon Lightning Spire   Summ/Air       2%         N/A       87%         4
 Silence                  Hex/Air        1%         N/A       99%         5
 Lehudib's Crystal Spear  Conj/Erth      1%         10d2      100%        8


Dungeon Overview and Level Annotations

Branches:
Dungeon (3/15)

Altars:

Annotations:
D:3 Ijyb


Innate Abilities, Weirdness & Mutations

Your plain brown scales are hard. (AC +5)
You cannot fit into any form of body armour.
You are cold-blooded and may be slowed by cold attacks.
Your large and strong wings let you fly.
You have large cloven feet.
You are covered in fur. (AC +1)


Message History

Ijyb is heavily wounded.
The frozen ramparts melt away.
Ijyb hits you but does no damage.
Casting: Freeze (safe; 2% risk of failure)
Confirm with . or Enter, or press ? or * to list all spells.
Aiming: Freeze (safe; 2% risk of failure)
Press: ? - help, Shift-Dir - straight line, f/p - Ijyb
Aim: Ijyb, wielding a +0 club, wearing a +0 leather armour and carrying a wand of flame (15) (heavily wounded)
You freeze Ijyb.
Ijyb is severely wounded.
Ijyb barely misses you.
Casting: Freeze (safe; 2% risk of failure)
Confirm with . or Enter, or press ? or * to list all spells.
Aiming: Freeze (safe; 2% risk of failure)
Press: ? - help, Shift-Dir - straight line, f/p - Ijyb
Aim: Ijyb, wielding a +0 club, wearing a +0 leather armour and carrying a wand of flame (15) (severely wounded)
You freeze Ijyb.
Ijyb is severely wounded.
You hear the brisk rusting of a very distant drain.
Ijyb hits you but does no damage.
You aren't carrying any scrolls.
Unknown command.
It was a potion of mutation.
You feel extremely strange.
Your wings grow larger and stronger.
Fur sprouts all over your body.
Your feet thicken and deform.
Ijyb hits you with a +0 club.
You barely miss Ijyb. You kick Ijyb, but do no damage.
Ijyb is severely wounded.
Ijyb hits you with a +0 club.
You hit Ijyb but do no damage. Your kick misses Ijyb.
Ijyb is severely wounded.
Ijyb screams, "It's all mine!"
Ijyb zaps a wand.
The puff of flame hits you.
You barely miss Ijyb.
Ijyb is severely wounded.
Ijyb zaps a wand.
The puff of flame hits you!
* * * LOW HITPOINT WARNING * * *
You closely miss Ijyb. You kick Ijyb.
Ijyb is almost dead.
Ijyb zaps a wand.
The puff of flame hits you!
You die...

>## #...# #.# #.#
..#####.## #.# #.# ....#
#..# #.# #.#
#.#.###.######.# #.#
...............### #.#
#.#.###.##############.#
....# #..# ###.......#
#.### #### ##.#######
... #@# ..# #g# ..# #.#
..# #:# <.# ..# .## ###
.# .# .#


You could see Ijyb.

Vanquished Creatures
  An orc priest (D:2)
  3 adders
  A worm (D:3)
  A dart slug (D:1)
  2 orcs (D:3)
  2 bats (D:3)
  3 endoplasms (D:3)
  2 giant cockroaches (D:1)
  5 goblins
  2 hobgoblins (D:3)
  A jackal (D:1)
  A frilled lizard (D:1)
  A kobold (D:2)
25 creatures vanquished.

Notes
Turn   | Place    | Note
-------+----------+-------------------------------------------
     0 | D:1      | ChrisAssaf the Draconian Ice Elementalist began the quest
                  | for the Orb.
     0 | D:1      | Reached XP level 1. HP: 14/14 MP: 3/3
   125 | D:1      | Reached XP level 2. HP: 20/20 MP: 1/5
   353 | D:2      | Reached XP level 3. HP: 4/27 MP: 1/6
   452 | D:2      | Learned a level 3 spell: Frozen Ramparts
   544 | D:3      | Reached skill level 1 in Fighting
   582 | D:3      | Reached XP level 4. HP: 33/35 MP: 2/7
   889 | D:3      | Noticed Ijyb
   903 | D:3      | Gained mutation: Your large and strong wings let you fly.
                  | [potion of mutation]
   903 | D:3      | Gained mutation: You are covered in fur. (AC +1) [potion of
                  | mutation]
   903 | D:3      | Gained mutation: You have large cloven feet. [potion of
                  | mutation]
   907 | D:3      | Killed from afar by Ijyb

Illustrated notes

Levels and vault maps discovered:
D:1:      zaba_arrival_water, layout_basic
D:2:      layout_loops_ring, serial_rivers, chequers_serial_rivers_large_a,
          chequers_serial_rivers_micro_a, chequers_serial_rivers_room_a,
          chequers_serial_rivers_small_3, chequers_serial_rivers_small_a
D:3:      layout_loops_ring, nicolae_ru_great_annihilating_truth,
          fedhas_altar_fruit_tree, mainiacjoe_overflow_paths,
          ebering_ecumenical_altar_box, serial_co_window_serial,
          co_window_paths_b, co_window_paths_a, co_window_cross_1,
          co_window_paths_a, co_window_of_opportunity_a, co_window_paths_c,
          co_window_of_opportunity_c, co_window_2corner, co_window_corner_b,
          co_window_paths_e, portal_sewer_entry_b, uniq_ijyb, uniq_terence

Skill      XL: |  1  2  3 |
---------------+----------+-----
Stealth        | 2 |  2.1
Fighting       | 1 |  1.0
Dodging        | 2 |  2.0
Short Blades   | |  0.9
Throwing       | |  0.1
Spellcasting   | |  2.7
Ice Magic      | |  4.8

Action                     |  1- 3 |  4- 6 || total
---------------------------+-------+-------++-------
  Melee: Dagger            |    18 |    27 ||    45
         Tailslap          |     1 |     5 ||     6
         Kick              |       |     2 ||     2
  Throw: Boomerang         |       |     2 ||     2
   Cast: Freeze            |    21 |    14 ||    35
         Frozen Ramparts   |     2 |     3 ||     5
    Use: Potion            |     1 |     1 ||     2
         Scroll            |     2 |     3 ||     5
   Stab: Sleeping          |     2 |     2 ||     4
         Distracted        |     1 |       ||     1
 Armour: Skin              |     8 |     3 ||    11
  Dodge: Dodged            |    19 |    19 ||    38
